 Dungeon Crawl Stone Soup version 0.31-a0-232-gb1c03b2570 (webtiles) character file.

Game seed: 12923204553644347986

50 qw the Shooter (level 3, 0/29 HPs)
             Began as a Minotaur Hexslinger on July 7, 2023.
             Frozen to death by an endoplasm (5 damage)
             ... on level 2 of the Dungeon.
             The game lasted 00:00:32 (1715 turns).

qw the Shooter (Minotaur Hexslinger)                Turns: 1715, Time: 00:00:32

Health: 0/29       AC: -1    Str: 12    XL:     3   Next: 55%
Magic:  3/3        EV: 12    Int: 10    God:
Gold:   121        SH:  0    Dex: 14    Spells: 3/4 levels left

rFire   . . .        Y - +1 sling
rCold   . . .        (no shield)
rNeg    . . .        c - +1 robe "Moir" {*Corrode +Blink rPois}
rPois   +            (helmet restricted)
rElec   .            (no cloak)
rCorr   .            (no gloves)
SInv    .            (no boots)
Will    .....        (no amulet)
Stlth   +            (no ring)
HPRegen 0.24/turn    (no ring)
MPRegen 0.08/turn

%: corrode self (3%)
@: about to teleport, corroded
A: horns 2, retaliatory headbutt
a: Evoke Blink


You were on level 2 of the Dungeon.
You visited 1 branch of the dungeon, and saw 3 of its levels.

You collected 121 gold pieces.


Innate Abilities, Weirdness & Mutations

You have a pair of horns on your head.
You reflexively headbutt those who attack you in melee.


   Skills:
 - Level 2.0 Fighting
 + Level 4.1 Ranged Weapons
 - Level 2.1 Dodging
 - Level 1.0 Spellcasting
 - Level 2.0 Hexes


You had 3 spell levels left.
You knew the following spells:

 Your Spells              Type           Power      Damage    Failure   Level
a - Slow                  Hex            16%        N/A       16%         1

Your spell library contained the following spells:

 Spells                   Type           Power      Damage    Failure   Level
 Inner Flame              Hex/Fire       2%         N/A       56%         3
 Portal Projectile        Hex/Tloc       4%         N/A       56%         3
 Cause Fear               Hex            2%         N/A       83%         4

Inventory:

Hand Weapons
 Y - a +1 sling (weapon)
Armour
 c - the +1 robe "Moir" (worn) {*Corrode +Blink rPois}
   (You found it on level 2 of the Dungeon)

   rPois:     It protects you from poison.
   +Blink:    It lets you blink.
   *Corrode:  It may corrode you when you take damage.
 j - a +0 ring mail
Potions
 f - a potion of curing {unknown}
 g - a potion of lignification {unknown}
 h - a potion of resistance {unknown}

Dungeon Overview and Level Annotations

Branches:
Dungeon (3/15)

Altars:

Annotations:
D:2 1 runed translucent door, Crazy Yiuf


Message History

You are frozen.
The orc barely misses you. You furiously retaliate!
You headbutt the orc!
You kill the orc!
1708 ||| STAIRDANCE The orc misses you.
You furiously retaliate!
You headbutt the orc.
The endoplasm hits you but does no damage.
The adder closely misses you.
You climb upwards.
Level annotation: 1 runed translucent door, Crazy Yiuf
There is a stone staircase leading down here.
You shoot a sling bullet. The sling bullet hits the orc!
You kill the orc!
The endoplasm hits you but does no damage.
The adder bites you.
You are poisoned.
The adder poisons you! The endoplasm misses you. The adder misses you.
You shoot a sling bullet. The sling bullet misses the adder.
You feel sick. The adder bites you but does no damage.
The endoplasm freezes you.
You are frozen.
You shoot a sling bullet.
The sling bullet closely misses the adder.
You feel sick. The adder bites you.
Your corrosive artefact corrodes you!
The endoplasm hits you. The adder closely misses you.
You shoot a sling bullet. The sling bullet hits the adder.
The adder is moderately wounded.
You feel sick. The endoplasm hits you. The adder bites you.
1714 ||| READING scroll of teleportation.
As you read the scroll of teleportation, it crumbles to dust.
You feel strangely unstable.
You feel sick. The adder closely misses you. The endoplasm freezes you.
You are frozen.
You shoot a sling bullet. The sling bullet misses the adder.
You feel sick.
You are no longer poisoned.
The adder completely misses you. The endoplasm freezes you.
You are frozen.
You die...

## #. #. #. ###. ##############
#... #########.....##.....##
##...
#.............)@......######....
#.............SJ..........##.#..
#.........................(.....
#...............................
#............................#..
#............................###
#.(....>......)..............###
#...........................##..
#.........................###..#


You could see an adder and an endoplasm.

Vanquished Creatures
  An adder (D:2)
  2 orcs
  6 ball pythons
  5 bats
  An endoplasm (D:2)
  4 giant cockroaches
  5 goblins
  4 hobgoblins
  3 kobolds
  A frilled lizard (D:2)
  3 rats
35 creatures vanquished.

Notes
Turn   | Place    | Note
-------+----------+-------------------------------------------
     0 | D:1      | qw the Minotaur Hexslinger began the quest for the Orb.
     0 | D:1      | Reached XP level 1. HP: 16/16 MP: 1/1
     0 | D:1      | 0 ||| qw: Version: 0.3-a-46-gb1f654a
     0 | D:1      | 0 ||| qw: Game counter: 2903
     0 | D:1      | 0 ||| qw: Melee chars always use a shield: true
     0 | D:1      | 0 ||| qw: God list: Okawaru
     0 | D:1      | 0 ||| qw: Allow faded altars: false
     0 | D:1      | 0 ||| qw: Do Orc after clearing Dungeon:15 true
     0 | D:1      | 0 ||| qw: Do second Lair branch before Depths: true
     0 | D:1      | 0 ||| qw: Lair rune preference: random
     0 | D:1      | 0 ||| qw: Goals: Normal
     0 | D:1      | 0 ||| PLANNING D:1-11
    94 | D:1      | Reached skill level 3 in Ranged Weapons
   118 | D:1      | Reached XP level 2. HP: 23/23 MP: 2/2
   856 | D:1      | 856 ||| UPGRADING to +0 leather armour.
   866 | D:1      | 866 ||| DROPPING +0 robe.
   867 | D:1      | 867 ||| READING scroll labelled FAASOF VE AQONN.
   868 | D:1      | 868 ||| DROPPING scroll of poison.
   968 | D:2      | Reached XP level 3. HP: 28/29 MP: 3/3
   972 | D:2      | Identified the +1 robe "Moir" {*Corrode +Blink rPois}
  1092 | D:2      | Found a runed translucent door.
  1093 | D:2      | Noticed Crazy Yiuf
  1190 | D:2      | Reached skill level 4 in Ranged Weapons
  1337 | D:2      | 1337 ||| UPGRADING to +1 robe "Moir" {*Corrode +Blink
                  | rPois}.
  1347 | D:2      | 1347 ||| DROPPING +0 leather armour.
  1348 | D:2      | 1348 ||| READING scroll labelled VATAGO FEPAEBB.
  1349 | D:2      | 1349 ||| READING scroll labelled RITARGH EMINEH.
  1350 | D:2      | 1350 ||| READING 2 scrolls labelled WEPHIOZOXU.
  1406 | D:2      | 1406 ||| READING scroll labelled TOS YPTIPHE.
  1475 | D:3      | HP: 7/29 [orc priest/nerve-wracking pain (14)]
  1476 | D:3      | 1476 ||| STAIRDANCE
  1708 | D:3      | 1708 ||| STAIRDANCE
  1713 | D:2      | HP: 7/29 [adder (1)]
  1714 | D:2      | 1714 ||| READING scroll of teleportation.
  1715 | D:2      | Frozen to death by an endoplasm

Levels and vault maps discovered:
D:1:      saegor_arrival_simple_a, layout_loops_ring, serial_forest,
          infiniplex_forest_lined_room_3, infiniplex_forest_clump_small,
          infiniplex_forest_clump_C, infiniplex_forest_corner_1,
          infiniplex_forest_end_2
D:2:      layout_rooms, uniq_crazy_yiuf_cottage
D:3:      minmay_bubble_buster, layout_loops_ring, uniq_ijyb

Skill      XL: |  1  2  3 |
---------------+----------+-----
Ranged Weapons | 3 4 |  4.1
Fighting       | 2 |  2.0
Dodging        | |  2.1
Spellcasting   | |  1.0
Hexes          | |  2.0

Action                     || total
---------------------------++-------
   Fire: Sling             ||   109
    Use: Scroll            ||     6
 Armour: Robe              ||    10
         Leather armour    ||     6
  Dodge: Dodged            ||    41

Table legend:
 A = Non-vault XP
 B = Vault XP
 C = Vault XP percentage of total XP
 D = Non-vault monster count
 E = Vault monster count
 F = Vault count percentage of total count
                 A         B        C        D         E       F
            +---------+---------+-------+---------+---------+-------
      Total |      72 |       0 |   0.0 |      35 |       0 |   0.0
            +---------+---------+-------+---------+---------+-------
        D:1 |      33 |       0 |   0.0 |      20 |       0 |   0.0
        D:2 |      36 |       0 |   0.0 |      14 |       0 |   0.0
        D:3 |       3 |       0 |   0.0 |       1 |       0 |   0.0
            +---------+---------+-------+---------+---------+-------
